 Dungeon Crawl Stone Soup version 0.28.0-53-g5a82cb258f (webtiles) character file.

Game seed: 15097273707798818375

158 Tirrikindir the Skirmisher (level 5, -2/36 HPs)
             Began as an Octopode Fighter on Aug 15, 2022.
             Slain by a phantom (9 damage)
             ... on level 2 of the Dungeon.
             The game lasted 00:04:11 (2299 turns).

Tirrikindir the Skirmisher (Octopode Fighter)       Turns: 2299, Time: 00:04:12

Health: -2/36      AC:  1    Str: 15    XL:     5   Next: 39%
Magic:  5/5        EV: 13    Int: 11    God:
Gold:   99         SH:  5    Dex: 13    Spells: 4/4 levels left

rFire   . . .      SeeInvis .   a - +0 long sword
rCold   . . .      Faith    .   b - +0 buckler
rNeg    . . .      Spirit   .   (helmet restricted)
rPois   .          Reflect  .   (no amulet)
rElec   .          Harm     .   (no ring)
rCorr   .          Rampage  .   (no ring)
Will    .....                   (no ring)
Stlth   +++.......              (no ring)
HPRegen 0.12/turn               (no ring)
MPRegen 0.09/turn               (no ring)
                                (no ring)
                                (no ring)

@: no status effects
A: almost no armour, amphibious, 8 rings, camouflage 1, gelatinous body 1,
(nimble swimmer 1), tentacles
a: no special abilities


You were on level 2 of the Dungeon.
You visited 1 branch of the dungeon, and saw 2 of its levels.

You collected 99 gold pieces.

Inventory:

Hand Weapons
 a - a +0 long sword (weapon)
 g - a +2 dagger of venom
Armour
 b - a +0 buckler (worn)
Wands
 d - a wand of iceblast (5)
Scrolls
 e - 2 scrolls of identify {unknown}
Potions
 c - a potion of might
 f - a potion of ambrosia {unknown}


   Skills:
 + Level 3.6 Fighting
 * Level 3.5 Long Blades
 + Level 3.5 Dodging
 + Level 2.6 Stealth
 + Level 3.5 Shields
 + Level 0.2 Evocations


You had 4 spell levels left.
You didn't know any spells.
Your spell library was empty.

Dungeon Overview and Level Annotations

Branches:
Dungeon (2/15)

Altars:

Shops:
D:1 (

Annotations:
D:2 Sigmund


Innate Abilities, Weirdness & Mutations

You cannot wear most types of armour.
You are amphibious.
You can wear up to eight rings at the same time.
Your skin changes colour to match your surroundings (Stealth+).
Your rubbery body absorbs attacks. (AC +1, EV +1)
((You are camouflaged when in or above water. (Stealth+)))
You have tentacles for arms and can constrict up to eight enemies at once.


Message History

The bat zombie closely misses you. The phantom hits you!
The phantom blinks!
You blink.
The bat zombie completely misses you. The bat skeleton hits you.
The bat skeleton misses you. The bat zombie hits you.
You block the bat skeleton's attack. The bat zombie closely misses you.
Things that are here:
a +2 dagger of freezing; a +0 robe
Aiming: Iceblast
Press: ? - help, Shift-Dir - straight line The mass of ice explodes!
The iceblast engulfs the phantom!
The phantom partially resists.
The phantom is heavily damaged.
The bat skeleton barely misses you. The bat zombie closely misses you.
The bat skeleton hits you but does no damage.
The bat zombie barely misses you. The phantom closely misses you.
You barely miss the phantom.
The phantom is heavily damaged.
You block the bat skeleton's attack.
The bat zombie hits you but does no damage.
The bat skeleton hits you. The bat zombie misses you.
The bat skeleton misses you. The bat zombie closely misses you.
You block the phantom's attack. The bat skeleton barely misses you.
The bat zombie hits you.
You miss the phantom.
The phantom is heavily damaged.
The bat skeleton closely misses you. The bat zombie barely misses you.
The bat skeleton hits you. The bat zombie closely misses you.
You block the bat skeleton's attack. The phantom hits you.
* * * LOW HITPOINT WARNING * * *
The bat zombie completely misses you. The bat skeleton hits you.
* * * LOW HITPOINT WARNING * * *
The phantom hits you.
* * * LOW HITPOINT WARNING * * *
The phantom blinks!
You blink.
Aiming: Iceblast
Press: ? - help, Shift-Dir - straight line The mass of ice explodes!
The iceblast engulfs the phantom.
The phantom partially resists.
The phantom is heavily damaged.
The phantom hits you!
You die...

#........................
##########.####.#.###.#.#
#.####..........
#......#.......#
#...............
#.###..#.###...
########.###..#.# .
#......W......#.##
.####.@.........#
#.#.####.#..####.##
#..........b.......
#Z..####.#.{####.##
##Z..# ###..####?##
#ยงยง..## #.........
#.....# #.#####.#.
##Z....# #<# #...8..# #.#


You could see a phantom, a bat zombie, a bat skeleton and an adder skeleton.

Vanquished Creatures
  A necrophage (D:2)
  Jessica (D:2)
  An adder zombie (D:2)
  2 bats
  A bat zombie (D:2)
  5 endoplasms
  A giant cockroach (D:1)
  7 goblins
  4 hobgoblins
  4 jackals (D:1)
  A kobold (D:1)
  3 quokkas
  2 ball pythons (D:1)
  3 frilled lizards (D:1)
  A quokka skeleton (D:2)
  3 rats
40 creatures vanquished.

Vanquished Creatures (others)
  3 withered plants (D:2)
3 creatures vanquished.

Grand Total: 43 creatures vanquished

Notes
Turn   | Place    | Note
-------+----------+-------------------------------------------
     0 | D:1      | Tirrikindir the Octopode Fighter began the quest for the
                  | Orb.
     0 | D:1      | Reached XP level 1. HP: 16/16 MP: 1/1
   334 | D:1      | Reached XP level 2. HP: 21/21 MP: 2/2
   419 | D:1      | Found Wasiucza's Weapon Emporium.
   609 | D:1      | Reached skill level 1 in Stealth
   900 | D:1      | Reached XP level 3. HP: 26/26 MP: 3/3
  1490 | D:2      | Noticed Sigmund
  1664 | D:2      | Noticed a necrophage
  1675 | D:2      | Killed a necrophage
  1676 | D:2      | Reached XP level 4. HP: 31/31 MP: 4/4
  1676 | D:2      | Reached XP level 5. HP: 36/36 MP: 5/5
  2284 | D:2      | Noticed a phantom
  2287 | D:2      | Noticed Jessica
  2291 | D:2      | Killed Jessica
  2299 | D:2      | Slain by a phantom

Illustrated notes

Levels and vault maps discovered:
D:1:      minmay_arrival_nine_rooms, layout_basic, serial_shops, shop,
          grunt_decor_junction, hangedman_decor_clover_reticule,
          minmay_heptomino_o4
D:2:      layout_basic, serial_undead, serial_undead_d, serial_undead_d,
          serial_undead_a, serial_undead_b, grunt_ministairs_10, uniq_sigmund,
          uniq_jessica

Skill      XL: |  1  2  3 |
---------------+----------+-----
Stealth        | 1 2 |  2.6
Long Blades    | 3 |  3.5
Fighting       | |  3.6
Dodging        | |  3.5
Shields        | |  3.5
Evocations     | |  0.2

Action                   |  1- 3 |  4- 6 || total
-------------------------+-------+-------++-------
Melee: Long sword        |    49 |    25 ||    74
       Constrict         |    15 |     8 ||    23
       Tentacles         |     8 |     2 ||    10
       Punch             |     1 |       ||     1
Evoke: Wand              |       |     3 ||     3
  Use: Scroll            |     3 |       ||     3
       Potion            |     2 |       ||     2
 Stab: Sleeping          |     5 |     2 ||     7
Armor: Skin              |     5 |     7 ||    12
Dodge: Dodged            |    23 |    33 ||    56
Block: Buckler           |    13 |    13 ||    26
